[Event "5th Sharjah Masters 2022"]
[Site "Sharjah"]
[Date "2022.05.23"]
[Round "3.17"]
[White "Mastrovasilis, Athanasios"]
[Black "Abdusattorov, Nodirbek"]
[Result "0-1"]
[ECO "D35"]
[WhiteElo "2540"]
[BlackElo "2661"]
[Annotator "TA"]
[PlyCount "118"]
[EventDate "2022.05.21"]
[EventType "swiss"]
[EventCountry "UAE"]
[SourceTitle "playchess.com"]
[Source "ChessBase"]
[SourceQuality "1"]
[TimeControl "5400+30"]

1. d4 Nf6 2. c4 e6 3. Nc3 d5 4. cxd5 exd5 5. Bg5 Bb4 6. e3 h6 7. Bh4 g5 {[%emt 0:00:07] D35: Queen's Gambit Declined: Exchange Variation.} 8. Bg3 Ne4 9. Qc2 h5 {[%emt 0:02:30] The position is equal.} 10. Bd3 (10. f3 $5 Nxc3 11. bxc3 $14) 10... h4 11. Be5 f6 12. Bxe4 dxe4 13. d5 $1 Na6 (13... fxe5 14. Qa4+ c6 15. Qxb4 $14) 14. a3 Bxc3+ 15. Bxc3 Qxd5 {[%emt 0:00:16] White must now prevent ...Nc5.} 16. Bxf6 O-O 17. Rd1 Qf5 18. Bd4 {[%emt 0:04:24] [#]} Be6 $146 ({Black should try} 18... c5 $11 19. Bc3 g4) ({Predecessor:} 18... c5 19. Bc3 g4 20. Rd6 Be6 21. f4 exf3 22. Qxf5 Bxf5 23. gxf3 Rae8 24. Rh6 Rxe3+ 25. Kf2 Rd3 26. h3 g3+ {½-½ (26) Quinones Borda,J (2082)-Noble,M (2305) LSS email 2008}) 19. Nh3 $1 $14 c5 {[%emt 0:02:14] Inhibits b4.} 20. Bc3 Nc7 $1 21. O-O Bc4 $132 {[%emt 0:01:41][%mdl 2048] Black is not holding back} 22. f4 (22. Rfe1 $11) 22... Ne6 ({Better is} 22... Bxf1 $17 23. Qb3+ Qf7 24. Qxf7+ Rxf7 25. Kxf1 gxf4 26. exf4 Re8) 23. Rf2 (23. Rd7 $11 Bxf1 24. Nxg5) 23... g4 $1 $17 24. Ng5 Nxg5 (24... g3 $1 $17 {aiming for ...Bd3.} 25. Nxe6 gxf2+ 26. Qxf2 Qxe6 27. Qxh4 Bd3 28. Qh8+ Kf7 29. Qh5+ Ke7 30. Qxc5+ Kd7 31. Qb5+ (31. Bb4 $2 Rf5 $19) 31... Kc8 32. Qc5+ Kd7 33. Qb5+ (33. Bb4 $2 Rf5 $19) 33... Kc8 34. Qc5+ Kd7) 25. fxg5 $11 Qxf2+ 26. Qxf2 Rxf2 27. Kxf2 $17 {[%emt 0:00:04][%mdl 4096] Endgame KRB-KRB} Bd3 28. g3 h3 29. Ke1 b5 30. Rd2 Rf8 31. Bf6 $1 b4 32. Rf2 Kh7 {[%emt 0:04:42] [#]} (32... Rc8 $11) 33. Be7 ({White should play} 33. Rf4 $1 $16) 33... bxa3 $2 34. bxa3 $2 ({Not} 34. Rxf8 a2 35. Rf7+ Kg8 36. Rf8+ Kg7 37. Bf6+ Kxf8 $17) ({White must play} 34. Bxf8 $18 a2 35. Rf7+ Kg8 {[#]} 36. Rxa7 $1 Kxf8 37. Rxa2) 34... Rb8 35. Bxc5 a5 36. Bd4 {[%emt 0:01:04] Strongly threatening Rf6.} Kg6 37. Rb2 {[%emt 0:00:24] Against Rb3} Rc8 38. Bf6 Rc6 39. Kd2 Kf5 40. Bc3 Rd6 41. Bxa5 Ba6+ (41... Kxg5 $11 42. Kc3 Kf5) 42. Ke1 (42. Kc2 $14) 42... Rd3 $11 43. Kf2 (43. Rc2 $11 {and White is okay.} Rxe3+ 44. Kd2 Rd3+ 45. Ke1) 43... Rxa3 $19 {[%emt 0:00:33] ...Ra1 is the strong threat.} 44. Bb4 (44. Be1 $142 Bd3 45. Bb4) 44... Ra1 45. Be1 Kxg5 46. Rd2 Bd3 47. Rb2 Kf5 48. Rb8 Ke6 (48... Ra2+ $142 49. Kg1 Rg2+ 50. Kh1 Re2 51. Bc3 Rc2 52. Rb1 Rxc3 53. Re1 Ke6 54. Rd1 Rc2 55. Re1 Rg2 56. Rd1 Re2 57. Kg1 Kd5 58. Ra1 Rxe3 59. Ra5+ Ke6 60. Rc5 Rf3 61. Rc6+ Kd5 62. Rc1 e3 63. Rd1 e2 64. Rxd3+ Ke4 65. Rd4+ Kxd4 66. Kh1 e1=Q#) 49. Rb2 Kd5 50. Rd2 Kc5 51. Rb2 Kc6 52. Rd2 Kb5 53. Rb2+ Ka4 54. Rb8 Ra2+ 55. Kg1 Rg2+ 56. Kh1 Re2 {[%emt 0:00:11][%csl LRe1,LRe3][%cal Re2e1] Black mates.} 57. Ra8+ Kb3 58. Ra1 Kb2 59. Rd1 Bc2 {[%emt 0:00:05] Quite a comeback for Black.  Weighted Error Value: White=0.68/Black=0.17 (very precise)} 0-1

[Event "5th Sharjah Masters 2022"]
[Site "Sharjah"]
[Date "2022.05.23"]
[Round "3.18"]
[White "Gukesh D"]
[Black "Suleymanli, Aydin"]
[Result "1-0"]
[ECO "D37"]
[WhiteElo "2659"]
[BlackElo "2537"]
[Annotator "TA"]
[PlyCount "41"]
[EventDate "2022.05.21"]
[EventType "swiss"]
[EventCountry "UAE"]
[SourceTitle "playchess.com"]
[Source "ChessBase"]
[SourceQuality "1"]
[TimeControl "5400+30"]

1. d4 Nf6 2. c4 e6 3. Nf3 d5 4. Nc3 h6 5. g3 Bd6 6. a3 {[%emt 0:00:50] [#] D37: Queen's Gambit Declined: 5 Bf4.} O-O $146 ({Predecessor:} 6... c5 7. cxd5 exd5 8. Bg2 Be6 9. O-O O-O 10. e3 Nbd7 11. Qe2 Qc7 12. Nb5 Qb6 13. Nxd6 Qxd6 {½-½ (45) Gueye,G-Mansour,S Sharjah 1985}) 7. g4 Nxg4 (7... Ne4 $11) 8. Rg1 $16 {[%emt 0:20:52] White is better.} e5 9. cxd5 ({Worse is} 9. Nxd5 e4 10. h3 c6 11. hxg4 cxd5 $17) (9. dxe5 $1 $16 Bc5 10. e3) 9... Re8 10. Ne4 {[%emt 0:04:14] Black must now prevent h3.} (10. Bh3 $5 h5 11. Bxg4 hxg4 12. Nxe5 $14) 10... Bf8 {[%emt 0:11:09] [#]} (10... Bf5 $11 {remains equal.}) 11. h3 $1 exd4 12. Qxd4 Qe7 13. Nc3 {[%emt 0:01:11] 0x0.001de6d31a8bdp-1022s more active pieces. The black rooks are badly placed.} ({Much weaker is} 13. hxg4 $6 Qxe4 14. Be3 Nd7 $11) 13... Ne5 14. Nxe5 Qxe5 15. Qxe5 Rxe5 16. Bxh6 Rh5 17. Bf4 c6 (17... g6 $16 18. Bxc7 Bxh3) 18. Rd1 $18 {[%emt 0:05:13] White is clearly better.} Bxh3 19. Ne4 Rf5 {[%emt 0:01:28] Prevents Nf6+.} 20. Bxh3 Rxf4 {[%emt 0:00:39] [#]} 21. Bc8 $1 {[%emt 0:00:21] Weighted Error Value: White=0.06 (flawless) /Black=0.26 (precise)} 1-0

[Event "5th Sharjah Masters 2022"]
[Site "Sharjah"]
[Date "2022.05.23"]
[Round "3.19"]
[White "Vokhidov, Shamsiddin"]
[Black "Niemann, Hans Moke"]
[Result "1/2-1/2"]
[ECO "C67"]
[WhiteElo "2536"]
[BlackElo "2656"]
[Annotator "TA"]
[PlyCount "73"]
[EventDate "2022.05.21"]
[EventType "swiss"]
[EventCountry "UAE"]
[SourceTitle "playchess.com"]
[Source "ChessBase"]
[SourceQuality "1"]
[TimeControl "5400+30"]

1. e4 e5 2. Nf3 Nc6 3. Bb5 Nf6 4. O-O Nxe4 5. Re1 Nd6 6. Nxe5 Be7 7. Bf1 Nxe5 8. Rxe5 O-O 9. Nc3 {[%emt 0:00:00] C67: Ruy Lopez: Berlin Defence: 4 0-0 Nxe4.} Bf6 10. Re1 Re8 11. Nd5 {[%emt 0:00:00] The position is equal.} Rxe1 12. Qxe1 b6 13. Nxf6+ Qxf6 14. d3 Bb7 15. Qb4 c5 16. Qf4 Qxf4 17. Bxf4 Nf5 {[%emt 0:00:10] [#]} 18. f3 $146 ({Predecessor:} 18. Re1 f6 19. c3 g5 20. Bd2 Bd5 21. a3 h5 22. f3 Kf7 23. Kf2 a5 24. Be2 {½-½ (41) Caruana,F (2792)-So,W (2772) Chess.com INT 2022}) 18... f6 19. Kf2 Kf7 20. c3 Bd5 21. a4 g5 22. Bd2 a5 23. g4 Ne7 24. f4 h6 25. h3 Ng6 26. f5 Ne5 27. c4 Bc6 28. Bc3 Nf3 {[%emt 0:00:53] Inhibits d4.} 29. Bg2 Nd4 (29... Ne5 $11 {keeps the balance.}) 30. Bxd4 $16 cxd4 {[%emt 0:00:12][%mdl 4096] Endgame KRB-KRB} 31. Re1 Re8 (31... Bxg2 $16 32. Kxg2 h5) 32. Bxc6 {[%emt 0:00:00] White is clearly better.} dxc6 33. Rxe8 Kxe8 34. Kf3 {[%emt 0:00:00] [#] Hoping for Ke4.} Kd7 35. Ke4 Kd6 (35... c5 $2 36. Kd5 $18) 36. Kxd4 {[%emt 0:00:00][%cal Oc4c5] Black must now prevent c5+!} c5+ 37. Ke4 {[%emt 0:16:30] Weighted Error Value: White=0.03 (flawless) /Black=0.09 (flawless)} 1/2-1/2

[Event "5th Sharjah Masters 2022"]
[Site "Sharjah"]
[Date "2022.05.23"]
[Round "3.20"]
[White "Sankalp Gupta"]
[Black "Moussard, Jules"]
[Result "1/2-1/2"]
[ECO "B12"]
[WhiteElo "2505"]
[BlackElo "2651"]
[Annotator "TA"]
[PlyCount "99"]
[EventDate "2022.05.21"]
[EventType "swiss"]
[EventCountry "UAE"]
[SourceTitle "playchess.com"]
[Source "ChessBase"]
[SourceQuality "1"]
[TimeControl "5400+30"]

1. e4 c6 2. d4 d5 3. e5 Bf5 4. Nf3 e6 5. Be2 Ne7 6. O-O h6 7. Nbd2 {[%emt 0:00:29] B12: Caro-Kann: Advance Variation.} Nd7 8. Nb3 Qc7 9. a4 {[%emt 0:03:03] White is slightly better.} g5 $1 {[%emt 0:03:46] The main line 9...g5 scores better than 9...a5.} 10. Bd2 O-O-O 11. Ba5 b6 12. Bd2 a5 $1 13. Rc1 Kb7 14. c4 dxc4 15. Bxc4 Nb8 16. Ne1 Nd5 17. Nc2 Bg6 18. Qe2 Be7 {[%emt 0:04:29] [#]} 19. Ne1 $146 (19. Ne3 {seems wilder.} Nf4 20. Qf3 h5 21. Bb5) ({Predecessor:} 19. Nba1 h5 20. b4 axb4 21. Nb3 h4 22. h3 Qd7 23. Rfd1 g4 24. hxg4 h3 25. g3 {1-0 (36) Slyusar,V (2305)-Packroff,H (2241) ICCF email 2019}) 19... Ka8 20. Bd3 Qd7 (20... Bf5 $11) 21. Bxg6 $1 $14 fxg6 22. Qe4 Rhg8 23. Nd3 Nc7 24. Rc3 $1 Qd5 25. Qe2 Nca6 26. Rfc1 Rc8 27. Be3 (27. Rc4 {is interesting.} Rgd8 28. h3 Kb7 29. Be3) 27... Rgd8 28. Nd2 Nb4 29. Nxb4 Bxb4 30. Nc4 Kb7 31. R3c2 Nd7 {[%emt 0:02:15] [#]} (31... Na6 $16) 32. Bd2 $1 $18 {[%emt 0:02:17] And now Bxb4 would win.} Be7 (32... Qxd4 $2 33. Bxb4 Nxe5 34. Nxe5 $18) 33. Bc3 (33. Qe1 $18 {and White stays clearly on top.}) 33... Nb8 $16 34. b3 Na6 35. Ne3 ({White should play} 35. Qd3 $16) 35... Qd7 (35... Qxb3 $2 {[#]} 36. Bxa5 $1 Nb4 37. Rb2 Qxa4 38. Bxb4 Bxb4 39. Ra2 $18 (39. Qc4 c5 $14)) 36. Qd3 Qe8 37. Qe4 h5 38. h3 Ba3 39. Ra1 Be7 40. Rac1 (40. Bd2 {looks sharper.} g4 41. hxg4 hxg4 42. Rc4) 40... Ba3 $1 41. Rd1 Be7 42. Rd3 {[%emt 0:02:29] White is more active.} Nb4 43. Bxb4 Bxb4 44. Rd1 (44. Nd1 $16) 44... Qf7 $1 $14 45. Rdc1 Qe8 46. Rc4 Be7 47. Kf1 Bf8 48. Kg1 Be7 $1 49. Kf1 Bf8 $1 50. Kg1 {[%emt 0:00:11] Weighted Error Value: White=0.15 (very precise) /Black=0.09 (flawless)} ({White should try} 50. Nd1 $16) 1/2-1/2

[Event "5th Sharjah Masters 2022"]
[Site "Sharjah"]
[Date "2022.05.23"]
[Round "3.21"]
[White "Sargsyan, Shant"]
[Black "Ortega Amarelle, Mariano"]
[Result "1-0"]
[ECO "D35"]
[WhiteElo "2641"]
[BlackElo "2476"]
[Annotator "TA"]
[PlyCount "129"]
[EventDate "2022.05.21"]
[EventType "swiss"]
[EventCountry "UAE"]
[SourceTitle "playchess.com"]
[Source "ChessBase"]
[SourceQuality "1"]
[TimeControl "5400+30"]

1. d4 Nf6 2. c4 e6 3. Nc3 d5 4. cxd5 Nxd5 5. e4 Nxc3 6. bxc3 c5 7. Rb1 Be7 {[%emt 0:06:53] D35: Queen's Gambit Declined: Exchange Variation.} 8. Nf3 O-O 9. Bc4 cxd4 {[%emt 0:07:35] The position is equal. 9...a6 gains popularity.} 10. cxd4 b6 11. O-O Ba6 12. Bxa6 Nxa6 {[%emt 0:00:08] [#]} 13. Ne5 $146 ({Predecessor:} 13. Qa4 Nb8 14. Rd1 Qd7 15. Qb3 Nc6 16. d5 exd5 17. exd5 Na5 18. Qd3 Bf6 19. Bg5 {1-0 (58) Oleksienko,M (2618)-Adly,A (2601) Ordu 2016}) 13... Bd6 14. Qh5 f6 15. Nc4 Be7 16. d5 {[%emt 0:08:55] [#] Strongly threatening d6.} Qe8 17. Qh3 Bc5 18. d6 Rc8 19. Rd1 Qf7 (19... Bxf2+ $2 20. Kxf2 Rxc4 21. d7 Rc2+ 22. Kg1 $18) 20. Qb3 (20. d7 Rcd8 21. Qd3 Nb8 $17) 20... e5 21. Be3 {[%emt 0:04:24] Against Bd4} (21. Qb5 {looks sharper.} Nb4 22. d7 Rcd8 23. Rxb4 a6 24. Qa4) 21... Bxe3 (21... Bd4 22. Bxd4 Rxc4 23. Be3 $14) (21... Rfd8 {is interesting.} 22. Qb5 Nb4 23. d7 Rc7) 22. Nxe3 Qxb3 23. axb3 Nc5 24. f3 (24. b4 $5 Nxe4 25. d7 $16) 24... Rf7 25. b4 Ne6 26. Nd5 Rd8 27. Ne7+ Kf8 $1 28. Nc6 {[%emt 0:00:08] Against Nd4} Rc8 29. b5 {[%emt 0:00:44] aiming for d7.} Rd7 30. Ra1 Ra8 31. Kf2 Kf7 32. Rd3 Nc5 33. Rda3 Ke6 34. Ke3 Rxd6 (34... Kxd6 $5 35. Nxa7 Kc7 $11) 35. Rxa7 Rxa7 36. Rxa7 $15 {[%emt 0:00:01][%csl Gc6][%cal Ra7e7][%mdl 4096] Endgame KRN-KRN} Rd7 {[%emt 0:00:20] Against Re7+} 37. Ra3 Rd1 38. Nb4 Rb1 39. Nd5 Kd6 40. Nxb6 Rxb5 41. Nc4+ Ke6 42. Ra7 Rb7 43. Ra5 Rb3+ 44. Ke2 Nd7 45. Ra6+ Ke7 46. Ne3 Rb2+ 47. Kf1 Nc5 (47... Rb1+ $11 48. Kf2 Kf7) 48. Nf5+ $16 Kf8 49. Ra8+ Kf7 50. Ra7+ Kf8 51. Rxg7 ({White should play} 51. Nxg7 $16 {And now Nh5 would win.} Rb7 52. Rxb7 Nxb7 53. Nf5) 51... Nd3 $11 52. h4 h5 53. Kg1 Ne1 54. Rg6 Kf7 55. Rg3 Ra2 56. Nh6+ Ke6 {[%emt 0:00:38] [#]} (56... Kf8 $11 {keeps the balance.}) 57. Rg7 $1 $16 {[%emt 0:00:26] Hoping for Kf1.} Kd6 58. Nf5+ Kc5 59. Rg6 (59. Ne3 $16) 59... Kc4 $2 {[%emt 0:00:19][%mdl 8192] Loses the game.} (59... Nd3 $1 $14) 60. Ng7 $18 ({And not} 60. Rxf6 Nxg2 61. Kh1 Nf4 $11) 60... Ra1 61. Kh2 ({Not} 61. Rxf6 Nxf3+ 62. Kf2 Nd2 63. Rc6+ Kd4 $14) 61... Ra2 $2 (61... Ra8 62. Nxh5 Rh8) 62. Kh3 {[%emt 0:00:36] White is clearly winning.} Ra3 63. Nxh5 Nd3 64. Rxf6 Kd4 65. Kg4 {[%emt 0:03:54] Weighted Error Value: White=0.08 (flawless) /Black=0.27 (precise)} 1-0

[Event "5th Sharjah Masters 2022"]
[Site "Sharjah"]
[Date "2022.05.23"]
[Round "3.22"]
[White "Gunina, Valentina"]
[Black "Ter-Sahakyan, Samvel"]
[Result "0-1"]
[ECO "D38"]
[WhiteElo "2471"]
[BlackElo "2640"]
[Annotator "TA"]
[PlyCount "72"]
[EventDate "2022.05.21"]
[EventType "swiss"]
[EventCountry "UAE"]
[SourceTitle "playchess.com"]
[Source "ChessBase"]
[SourceQuality "1"]
[TimeControl "5400+30"]

1. d4 Nf6 2. c4 e6 3. Nf3 d5 4. Nc3 Bb4 5. Qa4+ Nc6 6. a3 Bxc3+ 7. bxc3 Ne4 {[%emt 0:00:21] D38: Queen's Gambit Declined: Ragozin Defence (4 Nf3 Bb4).} 8. Bf4 Nxc3 9. Qc2 Ne4 {[%emt 0:00:04] The position is equal.} 10. e3 g5 $1 11. Bg3 h5 {[%emt 0:00:13] aiming for ...h4.} 12. h4 {[%emt 0:00:07] [#]} Nxg3 $146 ({Predecessor:} 12... g4 13. Ng5 Nxg3 14. fxg3 Qd6 15. Qf2 f5 16. Bd3 Ne7 17. O-O c6 18. Kh2 Bd7 {0-1 (35) Makarian,R (2470)-Sarana,A (2649) Sochi 2021}) 13. fxg3 gxh4 (13... g4 $5 14. Ng5 Qd6 $11) 14. Rxh4 Qd6 15. Rf4 Bd7 16. Kf2 (16. c5 $1 $11 Qf8 17. Rb1) 16... e5 (16... O-O-O $15) 17. dxe5 $11 Nxe5 18. Qc3 ({White should play} 18. Qb2 $11 f6 19. Qxb7) 18... f6 $15 19. Rd1 {[%emt 0:00:09] [#]} (19. c5 $15 Qe7 20. Rb1) 19... Ng4+ $1 $17 20. Kg1 {[%emt 0:05:18][%cal Of4e4] [#]} O-O-O $1 $36 {[%emt 0:00:58][%mdl 2048] Black is on the roll.} 21. cxd5 Rhe8 ({Better is} 21... Rde8 $17 22. Re1 Qxd5) 22. Qd4 (22. e4 $15) 22... Qxa3 23. Bd3 (23. Rd3 $17 Qa5 24. Rb3) 23... c5 ({Don't play} 23... Nxe3 24. Ra1 Nc2 25. Bxc2 Qe3+ 26. Qxe3 Rxe3 27. Rxa7 $18) 24. Qa1 (24. Ra1 {is the only way for White.}) 24... Qxa1 $19 25. Rxa1 Rxe3 ({Worse is} 25... Nxe3 26. Rxf6 c4 27. Rc1 $19) 26. Bg6 Be8 27. Bf5+ Kb8 28. Be6 b5 29. Rc1 a5 30. Kf1 c4 {[%emt 0:02:54] Black is clearly winning.} 31. Nd4 a4 32. Rb1 a3 33. Ra1 Rc3 {[%emt 0:05:29] Inhibits Nc2.} 34. Ke1 b4 35. Re4 Re3+ 36. Rxe3 Nxe3 {[%emt 0:00:04] Weighted Error Value: White=0.50/Black=0.16 (very precise)} 0-1

[Event "5th Sharjah Masters 2022"]
[Site "Sharjah"]
[Date "2022.05.23"]
[Round "3.23"]
[White "Petrosyan, Manuel"]
[Black "Badelka, Olga"]
[Result "1-0"]
[ECO "E51"]
[WhiteElo "2638"]
[BlackElo "2453"]
[Annotator "TA"]
[PlyCount "85"]
[EventDate "2022.05.21"]
[EventType "swiss"]
[EventCountry "UAE"]
[SourceTitle "playchess.com"]
[Source "ChessBase"]
[SourceQuality "1"]
[TimeControl "5400+30"]

1. d4 Nf6 2. c4 e6 3. Nf3 d5 4. Nc3 Bb4 5. Qa4+ Nc6 6. e3 O-O 7. Qc2 dxc4 8. Bxc4 Bd6 9. O-O e5 10. h3 a6 11. a3 Qe7 {[%emt 0:13:46] E51: Nimzo-Indian: Rubinstein: 4...0-0 5 Nf3 d5.} 12. d5 {[%emt 0:05:23] [#]} (12. b4 {with more complications.} h6 13. Bb2 Re8 14. Rae1) 12... Na5 $146 ({Predecessor:} 12... Nb8 13. e4 Bc5 14. b4 Ba7 15. Ne2 c6 16. Bb2 Nbd7 17. Ng3 g6 18. dxc6 bxc6 19. Rad1 {0-1 (47) O'Donnell,C (2342)-Cornette,D (2447) Chess.com INT 2017}) 13. Bd3 b5 {[%emt 0:01:26] White is slightly better.} 14. b4 Nb7 15. e4 Bd7 16. Bg5 h6 17. Bh4 g5 18. Bg3 Nh5 19. Nh2 Nf4 20. Ng4 Kh7 21. Ne3 f6 22. Nf5 Bxf5 23. exf5 Nxd3 24. Qxd3 a5 ({Better is} 24... Qd7 $14) 25. Qxb5 $16 Rfb8 26. Rab1 {[%emt 0:01:12] White is more active.} axb4 27. axb4 Na5 28. Qe2 Rxb4 29. Rxb4 ({Much weaker is} 29. Qh5 $6 Qe8 30. Qxe8 Rxe8 $11) 29... Bxb4 30. Ne4 {[%emt 0:00:09] Qb5 is the strong threat.} Kg7 {[%emt 0:14:38] A mistake that costs the game.} (30... Nb3 $16 {was called for.}) 31. Rb1 ({Not} 31. Qh5 Qf7 32. Qe2 Be7 $14) 31... Bd6 32. f3 ({Weaker is} 32. Qh5 Qe8 33. Qe2 Ra7 $14) 32... Qe8 33. Qc2 {[%emt 0:01:18] [#] Strongly threatening Be1.} Rb8 $2 (33... Qc8 34. Bf2 Nb7) 34. Nxd6 $18 Rxb1+ 35. Qxb1 cxd6 {[%emt 0:00:03][%mdl 4096] Endgame KQB-KQN} 36. Qb6 Qa8 37. Qc7+ Kg8 38. Qxd6 Qf8 39. Qc7 Qb4 40. d6 {[%emt 0:00:40][%cal Bd5d6,Bd6d7][%mdl 32] White mates.} Nb7 41. d7 Qd4+ 42. Bf2 Qd5 43. Bb6 {[%emt 0:01:43] Weighted Error Value: White=0.07 (flawless) /Black=0.49} 1-0

[Event "5th Sharjah Masters 2022"]
[Site "Sharjah"]
[Date "2022.05.23"]
[Round "3.24"]
[White "Baenziger, Fabian"]
[Black "Yakubboev, Nodirbek"]
[Result "0-1"]
[ECO "D76"]
[WhiteElo "2430"]
[BlackElo "2630"]
[Annotator "TA"]
[PlyCount "136"]
[EventDate "2022.05.21"]
[EventType "swiss"]
[EventCountry "UAE"]
[SourceTitle "playchess.com"]
[Source "ChessBase"]
[SourceQuality "1"]
[TimeControl "5400+30"]

1. d4 Nf6 2. c4 g6 3. Nf3 Bg7 4. g3 O-O 5. Bg2 d5 6. cxd5 Nxd5 7. O-O Nb6 8. Nc3 Nc6 9. d5 Na5 10. e4 c6 11. Nd4 {[%emt 0:04:01][%cal Bf3d4,Bd4c2,Bc2e3,Be3c4][%mdl 32] 11.h3 is the modern continuation.} cxd5 12. exd5 e5 {[%emt 0:00:21] D76: Fianchetto Grünfeld: Main Line with 7...Nb6.} 13. Nc2 (13. Nb3 $5 Nac4 14. Nc5 $11) 13... Nac4 14. b3 Nd6 {[%emt 0:02:25][%cal Oe5e4] The position is equal.} 15. Ba3 f5 16. Rc1 {[%emt 0:09:33] [#]} Qf6 $146 ({Predecessor:} 16... a6 17. Ne3 Re8 18. Qe2 Bf8 19. Rfd1 Bd7 20. Nc4 Nbxc4 21. bxc4 Qa5 22. Nb1 b6 {0-1 (46) Modr,B (2365)-Seeger,R Dortmund 1988}) 17. Ne3 Rd8 18. Qe2 Bd7 19. Bb4 e4 20. a4 Nbc8 (20... a5 $5 21. Ba3 Rac8 $11) 21. Nc4 Be8 22. Rfd1 Bf8 23. Ne3 Rd7 (23... Nb6 $11) 24. Bc5 Qd8 25. Bd4 Bg7 26. Qd2 Bf7 27. Ne2 Ne8 28. Bxg7 Nxg7 29. Qd4 Nd6 (29... Ne7 $5 ) 30. h4 Nge8 (30... Nh5 {with more complications.} 31. g4 f4 32. gxh5 fxe3 33. Qxe3 Qxh4 34. hxg6 Bxg6 35. Qh3 Qxh3 36. Bxh3 Bf5) 31. Nc4 Qf6 32. Qe3 b6 33. Nf4 Rad8 34. a5 Nc8 35. axb6 axb6 36. Bf1 (36. f3 $5 b5 37. fxe4 $1 fxe4 38. Nd2 $14 (38. Qxe4 bxc4 39. bxc4 Ncd6 $17)) 36... Kg7 37. Na3 {[%emt 0:00:30] Threatens to win with Bb5.} Ne7 38. Bb5 Nxd5 39. Nxd5 Rxd5 40. Rxd5 Rxd5 41. Bc4 Rd7 42. Bxf7 Kxf7 43. Nb5 {[%emt 0:00:11] Black keeps a firm grip on the game.} (43. Qh6 $1 $11) 43... Qb2 44. Rf1 Kg7 {[%emt 0:02:00] Black is more active.} 45. Qxb6 Qxb3 {[%emt 0:00:06][%cal Oe8c7] aiming for ...Nc7!} 46. Qc6 {[%emt 0:00:26] Against Nc7} Qd5 47. Qc8 (47. Qxd5 $17 Rxd5 48. Nc3) 47... Nf6 $19 ({Weaker is} 47... Qxb5 48. Qxe8 Kh6 49. Qc8 $17) 48. Nc3 {[%emt 0:00:16] [#]} Qe5 49. Nd1 f4 {[%emt 0:00:43] Against Ne3} 50. gxf4 Qxf4 51. Ne3 {[%emt 0:00:02] Against Qg4+} Qxh4 52. Rb1 Rf7 53. Rb8 Kh6 54. Rb5 {[%emt 0:00:33] Inhibits Nd5.} Nd7 55. Qc2 Kg7 56. Qd2 (56. Qb2+ {keeps fighting.} Kg8 57. Ra5) 56... Qf4 57. Kf1 (57. Qd4+ {was worth a try.} Kg8 58. Nc4) 57... h5 {[%emt 0:00:29] Hoping for ...Ne5.} 58. Rd5 (58. Kg1) 58... Ne5 {[%emt 0:00:34] ...Nd3 is the strong threat.} 59. Qb2 $2 (59. Nd1 Nd3 60. Qxf4 Rxf4 61. Kg2) 59... Qxe3 ({Worse is} 59... Re7 60. Nc4 $11) 60. Rxe5 {[%emt 0:00:44][%mdl 4096] Endgame KQR-KQR} Qh3+ 61. Kg1 Qg4+ 62. Kf1 {[%emt 0:00:11] Black must now prevent Rxe4+.} Qd1+ 63. Kg2 {[%emt 0:00:03] White wants to mate with Rd5+.} Qf3+ 64. Kg1 {[%emt 0:00:01] Strongly threatening Rf5+.} Kh6 ({Wrong is} 64... Qg4+ $2 65. Kf1 Qd1+ 66. Kg2 $19) 65. Re8 (65. Qd2+ $142 Rf4 66. Rc5) 65... Rf4 66. Rh8+ Kg5 {[%emt 0:00:00] ( -> ...Rg4+)} 67. Qe5+ Kh4 68. Qe7+ g5 {[%emt 0:00:17] Weighted Error Value: White=0.33/Black=0.14 (very precise)} 0-1

[Event "5th Sharjah Masters 2022"]
[Site "Sharjah"]
[Date "2022.05.23"]
[Round "3.25"]
[White "Ganguly, Surya Shekhar"]
[Black "Dimakiling, Oliver"]
[Result "1-0"]
[ECO "C54"]
[WhiteElo "2616"]
[BlackElo "2420"]
[Annotator "TA"]
[PlyCount "73"]
[EventDate "2022.05.21"]
[EventType "swiss"]
[EventCountry "UAE"]
[SourceTitle "playchess.com"]
[Source "ChessBase"]
[SourceQuality "1"]
[TimeControl "5400+30"]

1. e4 e5 2. Nf3 Nc6 3. Bc4 Bc5 4. O-O Nf6 5. d3 O-O 6. c3 d6 7. h3 Bb6 8. Re1 {[%emt 0:04:48] C54: Giuoco Piano: 4 c3 Nf6, main lines with 5 d4 and 5 d3.} Be6 9. Nbd2 Re8 10. a4 {[%emt 0:06:33][%cal Ba2a4,Ba4a5][%mdl 32] [#] White has an edge.} a6 $146 ({Predecessor:} 10... h6 11. b4 a6 12. Bxe6 Rxe6 13. Qc2 Qd7 14. Nc4 d5 15. exd5 Qxd5 16. Be3 e4 17. Nxb6 cxb6 18. dxe4 Qxe4 19. Qb3 Qd5 {1-0 (51) Wolf,W (2129)-Nitschke,N (1767) GER email 2013}) 11. b4 d5 12. exd5 Nxd5 13. Ne4 f6 {[%emt 0:04:06] Against Nfg5} 14. Qb3 Kh8 15. a5 Ba7 16. d4 exd4 $2 {[%emt 0:06:57] [#] Loses the game.} (16... Bg8 $1 $11 {and Black has nothing to worry.}) 17. Nc5 $1 $18 Bxc5 18. bxc5 dxc3 {[%emt 0:19:17][%cal Oc3c2] [#]} 19. Rxe6 $1 {[%emt 0:01:06][%mdl 576] Remove Defender} Rxe6 20. Bxd5 Re8 21. Bxc6 bxc6 22. Qxc3 Rb8 23. Bf4 Re4 24. Bg3 Rb5 25. Kh2 h6 26. Rc1 Qd7 (26... Rbb4 $142 27. Nd2 Red4) 27. Qc2 Qe7 28. Nh4 {[%emt 0:03:31] Threatens to win with Ng6+.} Qe8 {[%emt 0:03:26] Inhibits Ng6+.} 29. Rd1 Rbb4 {[%emt 0:04:56] [#]} 30. Bxc7 $1 {[%emt 0:03:06] Black must now prevent Rd8.} Qf7 (30... Rxh4 $2 31. Rd8 Qxd8 32. Bxd8 $18) (30... Rbc4 31. Qb3) 31. Bg3 f5 $2 (31... Qc4 {is a better defense.} 32. Ng6+ (32. Rd8+ Kh7 $16) 32... Kh7 33. Qxc4 Rbxc4) 32. Rd6 Rxh4 (32... Kh7 $142 33. Ng6 (33. Rxc6 f4 $11) 33... Qc4 34. Qxc4 Rbxc4 35. Rxc6 Rc2) 33. Bxh4 Rxh4 34. Rxc6 Qe8 $2 (34... Rd4 35. Rxa6 Rc4) 35. Rxa6 {[%emt 0:01:20] Hoping for c6. White is clearly winning.} Re4 36. Qc3 {[%emt 0:00:36] White threatens Rxh6+ and mate.} Qb8+ 37. Rd6 {[%emt 0:00:49] Weighted Error Value: White=0.24 (precise) /Black=0.37} 1-0